 Dungeon Crawl Stone Soup version 0.27.1-33-g824d729ab1 (webtiles) character file.

Game seed: 9634119931360163991

114 EWolf27 the Sneak (level 4, -4/22 HPs)
             Began as a Spriggan Brigand on Dec 17, 2021.
             Killed by nerve-wracking pain
             ... invoked by Jessica
              (10 damage)
             ... on level 3 of the Dungeon on Dec 21, 2021.
             The game lasted 00:17:07 (4845 turns).

EWolf27 the Sneak (Spriggan Brigand)                Turns: 4845, Time: 00:17:08

Health: -4/22      AC:  3    Str:  7    XL:     4   Next: 67%
Magic:  5/5        EV: 18    Int: 13    God:
Gold:   129        SH:  0    Dex: 16    Spells: 3/3 levels left

rFire    . . .     SeeInvis +   a - +2 dagger
rCold    . . .     Faith    .   (shield restricted)
rNeg     . . .     Spirit   .   b - +0 robe
rPois    .         Reflect  .   (helmet restricted)
rElec    .         Harm     .   c - +0 cloak
rCorr    .         Rampage  .   (gloves unavailable)
Will     .....                  (boots unavailable)
Stlth    ++++......             (no amulet)
HPRegen  0.07/turn              (no ring)
MPRegen  0.09/turn              (no ring)

@: very quick
A: very small, no large weapons, unfitting armour, see invisible, speed 3
a: no special abilities


You were on level 3 of the Dungeon.
You visited 1 branch of the dungeon, and saw 3 of its levels.

You collected 129 gold pieces.

Inventory:

Hand Weapons
 a - a +2 dagger (weapon)
Missiles
 d - 5 poisoned darts (quivered)
 e - 2 curare-tipped darts
Armour
 b - a +0 robe (worn)
 c - a +0 cloak (worn)
Jewellery
 n - an amulet of faith
Scrolls
 f - a scroll of vulnerability {unknown}
 g - 6 scrolls of identify {unknown}
 j - a scroll of teleportation {unknown}
 l - a scroll of fog {unknown}
Potions
 h - 3 potions of flight {unknown}
 i - a potion of attraction {unknown}
 k - a potion of lignification {unknown}
 m - a potion of cancellation {unknown}
 o - 2 potions of invisibility {unknown}


   Skills:
 - Level 1.5 Fighting
 - Level 2.1 Short Blades
 - Level 3.0 Throwing
 + Level 3.4 Dodging
 * Level 7.5 Stealth


You had 3 spell levels left.
You didn't know any spells.
Your spell library contained the following spells:

 Spells                   Type           Power      Damage    Failure   Level
 Corpse Rot               Necr/Air       N/A        N/A       43%         2
 Dispel Undead            Necr           0%         3d6       97%         4
 Death Channel            Necr           0%         N/A       100%        6


Dungeon Overview and Level Annotations

Branches:
Dungeon (3/15)

Altars:
Nemelex Xobeh

Annotations:
D:1 Robin
D:3 Jessica


Innate Abilities, Weirdness & Mutations

You are very small and have problems with some larger weapons.
You are too small for most types of armour.
You have supernaturally acute eyesight. (SInv)
You cover ground extremely quickly. (Speed+++)


Message History

A rat comes into view.
Found 13 gold pieces.
You see here an amulet of faith.
n - an amulet of faith The rat completely misses you.
You hit the rat.
You kill the rat!
No target in view!
o - 2 grey potions You open the door.
There is an open door here.
Found a mace.
You see here a +0 mace.
You open the door.
There is an open door here.
Found an escape hatch in the ceiling.
Found a stone staircase leading down.
Jessica the Apprentice Sorceress comes into view.
She is wielding a +2 club.
Found a stone staircase leading up.
Press: ? - help, v - describe, . - travel
Here: Jessica, wielding a +2 club and wearing a +0 robe (asleep)
The floor.
Unknown command.
A frilled lizard comes into view.
The frilled lizard hisses angrily.
Jessica completely misses you.
You hit Jessica but do no damage. Jessica hits you with a +2 club.
You hit Jessica but do no damage. Jessica hits you with a +2 club.
The frilled lizard bites you but does no damage.
You hit Jessica.
Jessica is moderately wounded.
Jessica gestures at you while chanting. Pain shoots through your body!
Ouch! That really hurt!
* * * LOW HITPOINT WARNING * * *
The frilled lizard completely misses you.
There is a stone staircase leading down here.
Jessica points at you and mumbles some strange words.
Pain shoots through your body!
You die...

### ## #.. .# ###
#.####.#... # #
#.#..#.#.#
###.#.#.#......
#.....#.#.##.#
.......l@....######
#.#####.#..@......#
#.......##......#.#
#######.##....#.#.#
#.#####.#.#.#
#...........#
#######
#######.#.###
##8##8#### #.#.#
.......'.# #.#.#
##8##8##.# #<#.#


You could see Jessica and a frilled lizard.

Vanquished Creatures
  Terence (D:2)
  2 adders (D:2)
  A worm (D:3)
  3 bats
  7 endoplasms
  4 giant cockroaches
  15 goblins
  9 hobgoblins
  4 jackals (D:1)
  2 ball pythons
  5 frilled lizards
  5 kobolds
  3 rats
61 creatures vanquished.

Vanquished Creatures (others)
  20 plants (D:1)
20 creatures vanquished.

Grand Total: 81 creatures vanquished

Notes
Turn   | Place    | Note
-------+----------+-------------------------------------------
     0 | D:1      | EWolf27 the Spriggan Brigand began the quest for the Orb.
     0 | D:1      | Reached XP level 1. HP: 10/10 MP: 2/2
   230 | D:1      | Reached skill level 6 in Stealth
   702 | D:1      | Found a faded altar of an unknown god.
   772 | D:1      | Reached XP level 2. HP: 14/14 MP: 3/3
  1390 | D:1      | Reached XP level 3. HP: 18/18 MP: 4/4
  2110 | D:2      | Noticed Robin
  3000 | D:1      | Reached skill level 7 in Stealth
  3630 | D:2      | Reached XP level 4. HP: 22/22 MP: 5/5
  3744 | D:2      | Noticed Terence
  3751 | D:2      | Killed Terence
  4392 | D:3      | Found a sparkling altar of Nemelex Xobeh.
  4827 | D:3      | Noticed Jessica
  4845 | D:3      | Killed from afar by Jessica

Illustrated notes

Levels and vault maps discovered:
D:1:      dpeg_arrival_tiny_a, layout_loops_ring,
          ebering_ecumenical_altar_ruins, serial_bayou, serial_bayou_lagoon_b,
          serial_bayou_shore_a, serial_bayou_pond_d, serial_bayou_pond_d
D:2:      layout_basic, uniq_robin, uniq_terence
D:3:      layout_basic, nemelex_diamond_rough_becter, dk_noncrumbling_2,
          supply_closet_lemuel, uniq_jessica

Skill      XL: |  1  2  3  4 |
---------------+-------------+-----
Stealth        | 6 7 |  7.5
Dodging        | 2 3 |  3.4
Throwing       | 3 |  3.0
Fighting       | |  1.5
Short Blades   | |  2.1

Action                   |  1- 3 |  4- 6 || total
-------------------------+-------+-------++-------
Melee: Dagger            |   119 |    33 ||   152
Throw: Dart              |    47 |     1 ||    48
 Stab: Sleeping          |    15 |     4 ||    19
       Distracted        |     1 |       ||     1
Armor: Robe              |    24 |     8 ||    32
Dodge: Dodged            |    73 |    18 ||    91
